 Dungeon Crawl Stone Soup version 0.30.1-4-g462c640d31 (webtiles) character file.

Game seed: 6797232391085637811

16 spardeous the Conjurer (level 2, 0/20 HPs)
             Began as a Demigod Conjurer on Aug 15, 2023.
             Slain by a jackal (2 damage)
             ... on level 1 of the Dungeon.
             The game lasted 00:00:30 (587 turns).

spardeous the Conjurer (Demigod Conjurer)            Turns: 587, Time: 00:00:30

Health: 0/20       AC:  3    Str:  8    XL:     2   Next: 27%
Magic:  0/7        EV: 12    Int: 20    God:
Gold:   43         SH:  0    Dex: 12    Spells: 4/5 levels left

rFire   . . .        (no weapon)
rCold   . . .        (no shield)
rNeg    . . .        a - +1 robe
rPois   .            (no helmet)
rElec   .            (no cloak)
rCorr   .            (no gloves)
SInv    .            (no boots)
Will    .....        (no amulet)
Stlth   ++           (no ring)
HPRegen 0.23/turn    (no ring)
MPRegen 0.10/turn

%: no passive effects
@: no status effects
A: high MP 1, forlorn, divine attributes
a: no special abilities


You were on level 1 of the Dungeon.
You visited 1 branch of the dungeon, and saw 1 of its levels.

You collected 43 gold pieces.

Inventory:

Armour
 a - a +1 robe (worn)
Scrolls
 d - a scroll of vulnerability {unknown}
Potions
 b - a potion of magic


   Skills:
 - Level 1.7 Dodging
 - Level 1.7 Stealth
 + Level 2.2 Spellcasting
 + Level 3.9 Conjurations


You had 4 spell levels left.
You knew the following spells:

 Your Spells              Type           Power      Damage    Failure   Level
a - Magic Dart            Conj           72%        1d6       3%          1

Your spell library contained the following spells:

 Spells                   Type           Power      Damage    Failure   Level
 Searing Ray              Conj           36%        2d5       4%          2
 Dazzling Flash           Conj/Hex       20%        N/A       21%         3
 Fulminant Prism          Conj/Hex       5%         3d6       56%         4
 Iskenderun's Mystic Bla  Conj/Tloc      10%        2d4       56%         4


Dungeon Overview and Level Annotations

Branches:
Dungeon (1/15)


Innate Abilities, Weirdness & Mutations

You have an increased reservoir of magic. (+10% MP)
You shall have no god before yourself.
Your divine heritage dramatically boosts your attributes as you level up.


Message History

* * * LOW HITPOINT WARNING * * *
The jackal bites you but does no damage. x2
You take 2 damage, and have 4/20 hp.
The jackal attacks as you move away! The jackal bites you.
* * * LOW HITPOINT WARNING * * *
You take 1 damage, and have 3/20 hp.
The jackal attacks as you move away! The jackal bites you.
* * * LOW HITPOINT WARNING * * *
You take 1 damage, and have 2/20 hp.
The jackal misses you.
The ball python attacks as you move away!
The ball python barely misses you. x2
As you read the scroll labelled JOFOEDU ISTREU, it crumbles to dust.
It is a scroll of enchant armour.
Your +0 robe glows green for a moment.
The jackal bites you.
* * * LOW HITPOINT WARNING * * *
The jackal closely misses you.
You take 1 damage, and have 2/20 hp.
Casting: Magic Dart (safe; 3% risk of failure)
Confirm with . or Enter, or press ? or * to list all spells.
Aiming: Magic Dart (safe; 3% risk of failure)
Press: ? - help, Shift-Dir - straight line, f/p - jackal
Aim: a jackal (moderately wounded, 100% to hit)
The magic dart hits the jackal but does no damage.
The jackal is moderately wounded.
The jackal bites you but does no damage.
The jackal stops to sniff the ground.
The jackal completely misses you.
You now have 0/7 mp.
Casting: Magic Dart (safe; 3% risk of failure)
Confirm with . or Enter, or press ? or * to list all spells.
You don't have enough magic to cast this spell.
Casting: Magic Dart (safe; 3% risk of failure)
Confirm with . or Enter, or press ? or * to list all spells.
You don't have enough magic to cast this spell.
Casting: Magic Dart (safe; 3% risk of failure)
Confirm with . or Enter, or press ? or * to list all spells.
You don't have enough magic to cast this spell.
The jackal attacks as you move away! The jackal bites you.
You die...

#.....#####...#
#.....#..(....#
#..#..#.......#
#.###.#.......#####
#.###.#...........###
#..#..##............#
#.....##....†.......#
###########......S..#
8#8#8# #.....@h..##
.....############h...#
.###.+.#...Sh...#....#
.....#.#.######.#....#
8#8#8#...# #.#....#
######..S# #.#....#
#.....##.# #S#....#
#..#..##.# #h#....#
#.###.##.# #.#....#


You could see 2 jackals and a ball python.

Vanquished Creatures
  A dart slug (D:1)
  An endoplasm (D:1)
  A giant cockroach (D:1)
  3 hobgoblins (D:1)
  3 jackals (D:1)
  A ball python (D:1)
  2 bats (D:1)
  A frilled lizard (D:1)
13 creatures vanquished.

Notes
Turn   | Place    | Note
-------+----------+-------------------------------------------
     0 | D:1      | spardeous the Demigod Conjurer began the quest for the Orb.
     0 | D:1      | Reached XP level 1. HP: 14/14 MP: 5/5
   351 | D:1      | Reached XP level 2. HP: 20/20 MP: 5/7
   580 | D:1      | HP: 1/20 [jackal (2)]
   587 | D:1      | Slain by a jackal

Illustrated notes

Levels and vault maps discovered:
D:1:      heliophobic_arrival_ceremonial_halls, layout_basic, serial_park_tiny_2

Skill      XL: |  1 |
---------------+----+-----
Spellcasting   | 2 |  2.2
Dodging        | |  1.7
Stealth        | |  1.7
Conjurations   | |  3.9

Action                     || total
---------------------------++-------
   Cast: Magic Dart        ||    33
    Use: Scroll            ||     1
 Armour: Robe              ||    14
  Dodge: Dodged            ||    26
